 Dungeon Crawl Stone Soup version 0.26-b1-57-gb162d0664a (webtiles) character file.

Game seed: 16947092906929913268

125 Destapler the Skirmisher (level 4, -6/42 HPs)
             Began as a Palentonga Fighter on Jan 9, 2021.
             Killed from afar by an orc wizard (7 damage)
             ... with a puff of flame
             ... on level 3 of the Dungeon.
             The game lasted 00:10:51 (2537 turns).

Destapler the Skirmisher (Palentonga Fighter)       Turns: 2537, Time: 00:10:55

Health: -6/42      AC:  6    Str: 20    XL:     4   Next: 82%
Magic:  4/4        EV:  5    Int:  9    God:
Gold:   128        SH:  9    Dex:  9    Spells: 3/3 levels left

rFire    . . .     SeeInvis +   a - +0 flail
rCold    . . .     Faith    .   c - +0 kite shield
rNeg     . . .     Spirit   .   b - +0 scale mail
rPois    .         Reflect  .   (no helmet)
rElec    .         Harm     .   (no cloak)
rCorr    .         Rampage  .   (no gloves)
Will     .....                  (no barding)
Stlth    ..........             (no amulet)
HPRegen  0.14/turn              (no ring)
MPRegen  0.09/turn              (no ring)

@: hasted and slowed
A: large, rugged brown scales 3, see invisible, deformed body, roll 1, armoured
tail
a: Rolling Charge


You were on level 3 of the Dungeon.
You visited 1 branch of the dungeon, and saw 3 of its levels.

You collected 128 gold pieces.

Inventory:

Hand Weapons
 a - a +0 flail (weapon)
Missiles
 l - 5 poisoned darts
 o - 6 javelins
Armour
 b - a +0 scale mail (worn)
 c - a +0 kite shield (worn)
Jewellery
 f - a cursed ring of teleportation {unknown}
 h - an uncursed amulet of the acrobat {unknown}
 n - a +4 ring of protection {unknown}
Scrolls
 d - a scroll of blinking {unknown}
 e - 4 scrolls of identify {unknown}
 g - a scroll of enchant weapon {unknown}
 j - 4 scrolls of teleportation {unknown}
Potions
 k - a potion of flight {unknown}
 p - a potion of berserk rage {unknown}
 q - 2 potions of brilliance {unknown}


   Skills:
 + Level 3.8 Fighting
 + Level 3.0 Maces & Flails
 + Level 3.1 Armour
 + Level 3.1 Shields


You had 3 spell levels left.
You didn't know any spells.
Your spell library was empty.

Dungeon Overview and Level Annotations

Branches:
Dungeon (3/15)

Altars:


Innate Abilities, Weirdness & Mutations

You are completely covered in rugged brown scales. (AC +3, +7% HP)
You have supernaturally acute eyesight. (SInv)
Armour fits poorly on your strangely shaped body.
You can roll at nearby foes to attack.
You have a long armoured tail.


Message History

The orc wizard seems to speed up.
You block the orc wizard's attack. x2
You hit the orc wizard.
The orc wizard is heavily wounded.
The orc wizard hits you but does no damage.
The orc wizard hits you with a +2 dagger of electrocution.
You are electrocuted!
* * * LOW HITPOINT WARNING * * *
The orc wizard points at you and mumbles some strange words.
The magic dart hits you.
* * * LOW HITPOINT WARNING * * *
Okay, then.
As you read the scroll labelled TODWUMECAHON, it crumbles to dust.
You hear a loud clanging noise!
It was a scroll of noise.
You hear an angry hiss.
The orc wizard hits you but does no damage.
The orc wizard points at you and mumbles some strange words.
The puff of flame hits you!
You die...

##.###.#(..........#.
#.###.#.#'##.####.#.
#.....#†#..+.+..#.#†
#####.#.#..#.#..#.#.
#.#.####.##'#.#.
#.#.†.........#.
###.#.####.##'#.#)
#...#.#.)'.'..#.#.
###@###†#..#.#..#.#. #
#.oo###.#+##.####.#.
#......#o..#...).......#.
#.#....#...#.#'##.####.#.
#..#####.#.#..+.+..#.#.
#... #...#[#..#.#..#.#.
#....#...#.####.##'#.# .
#...###...........# ##
##o## #.####.##+#.##


You could see an orc priest and 2 orc wizards.

Vanquished Creatures
  A gnoll (D:3)
  3 adders
  6 worms
  2 dart slugs
  2 leopard geckos (D:1)
  An orc (D:3)
  6 bats
  5 giant cockroaches
  8 goblins
  10 hobgoblins
  2 ball pythons
  3 frilled lizards
  6 kobolds
  7 rats (D:1)
62 creatures vanquished.

Vanquished Creatures (others)
  3 plants (D:2)
3 creatures vanquished.

Grand Total: 65 creatures vanquished

Notes
Turn   | Place    | Note
-------+----------+-------------------------------------------
     0 | D:1      | Destapler the Palentonga Fighter began the quest for the
                  | Orb.
     0 | D:1      | Reached XP level 1. HP: 20/20 MP: 1/1
    91 | D:1      | Reached XP level 2. HP: 22/27 MP: 2/2
   960 | D:1      | Reached XP level 3. HP: 33/33 MP: 3/3
  1554 | D:2      | Reached XP level 4. HP: 34/40 MP: 4/4
  2536 | D:3      | HP: 1/42 [orc wizard/magic dart (6)]
  2537 | D:3      | Killed from afar by an orc wizard

Illustrated notes

Levels and vault maps discovered:
D:1:      scummos_arrival_simple_crosswalls, layout_basic
D:2:      layout_basic, serial_forest, infiniplex_forest_end_1,
          infiniplex_forest_end_1, infiniplex_forest_lined_3,
          infiniplex_forest_straight_2, infiniplex_forest_fountain,
          infiniplex_forest_lined_room_2, infiniplex_forest_clump_long,
          infiniplex_forest_clump_cross, infiniplex_forest_corner_1,
          infiniplex_forest_diagonal
D:3:      minmay_door_path, layout_loops_ring, chequers_garden

Skill      XL: |  1  2  3  4 |
---------------+-------------+-----
Armour         | 3 |  3.1
Shields        | 3 |  3.1
Maces & Flails | 3 |  3.0
Fighting       | |  3.8

Action                   |  1- 3 |  4- 6 || total
-------------------------+-------+-------++-------
Melee: Flail             |   106 |    83 ||   189
       Tailslap          |    10 |     6 ||    16
 Abil: Rolling Charge    |    35 |    23 ||    58
  Use: Potion            |     1 |     1 ||     2
       Scroll            |       |     1 ||     1
Armor: Scale mail        |    68 |    27 ||    95
Dodge: Dodged            |    33 |    17 ||    50
Block: Kite shield       |    62 |    35 ||    97
